 Dungeon Crawl Stone Soup version 0.29.1-14-g9c671dbff4 (webtiles) character file.

Game seed: 6248076654467066219

513 javelincjr the Chopper (level 7, -4/71 HPs)
             Began as an Ogre Gladiator on Feb 14, 2023.
             Was an Initiate of Hepliaklqana.
             Slain by a gnoll
             ... wielding a +0 whip
             ... led by a gnoll sergeant
              (8 damage)
             ... on level 5 of the Dungeon.
             The game lasted 00:21:33 (4858 turns).

javelincjr the Chopper (Ogre Gladiator)             Turns: 4858, Time: 00:21:34

Health: -4/71      AC:  4    Str: 21    XL:     7   Next: 20%
Magic:  7/7        EV: 10    Int:  9    God:    Hepliaklqana [......]
Gold:   72         SH:  0    Dex:  8    Spells: 5/6 levels left

rFire   . . .      SeeInvis .   a - +0 war axe
rCold   . . .      Faith    .   (no shield)
rNeg    . . .      Spirit   .   b - +0 robe
rPois   .          Reflect  .   c - +0 hat
rElec   .          Harm     .   e - +0 cloak
rCorr   .          Rampage  .   (gloves unavailable)
Will    .....                   (boots unavailable)
Stlth   +.........              (no amulet)
HPRegen 0.21/turn               h - +4 ring of slaying
MPRegen 0.10/turn               (no ring)

@: mighty
A: large, unfitting armour, tough skin 1, horns 1, clumsy 1
a: Renounce Religion


You were on level 5 of the Dungeon.
You worshipped Hepliaklqana.
Hepliaklqana was noncommittal.
You visited 2 branches of the dungeon, and saw 6 of its levels.

You collected 167 gold pieces.
You spent 95 gold pieces at shops.

Inventory:

Hand Weapons
 a - a +0 war axe (weapon)
Missiles
 d - 3 throwing nets
 g - 14 stones (quivered)
Armour
 b - a +0 robe (worn)
 c - a +0 hat (worn)
 e - a +0 cloak (worn)
Magical Staves
 k - a staff of air
Jewellery
 h - a +4 ring of slaying (left hand)
Wands
 v - a wand of polymorph (5)
Scrolls
 i - a scroll of torment
 l - a scroll of butterflies
 m - 2 scrolls of teleportation {unknown}
 n - a scroll of amnesia {unknown}
 o - a scroll of fear {unknown}
 p - 4 scrolls of blinking
 s - 2 scrolls of immolation {unknown}
 t - a scroll of noise {unknown}
Potions
 f - a potion of curing
 r - 2 potions of flight


   Skills:
 + Level 4.7 Fighting
 + Level 6.3 Axes
 + Level 2.6 Throwing
 + Level 3.7 Dodging
 + Level 0.8 Stealth
 + Level 0.2 Spellcasting


You had 5 spell levels left.
You knew the following spells:

 Your Spells              Type           Power      Damage    Failure   Level
a - Beastly Appendage     Tmut           0%         N/A       38%         1

Your spell library contained the following spells:

 Spells                   Type           Power      Damage    Failure   Level
 Poisonous Vapours        Pois/Air       0%         N/A       52%         2
 Sublimation of Blood     Necr           0%         N/A       52%         2
 Wereblood                Tmut           0%         N/A       52%         2
 Spider Form              Tmut/Pois      0%         N/A       77%         3
 Corpse Rot               Necr/Pois/Air  0%         N/A       99%         4
 Summon Hydra             Summ           0%         N/A       100%        7


Dungeon Overview and Level Annotations

Branches:
Dungeon (5/15)             Temple (1/1) D:4

Altars:
Ashenzari
Dithmenos
Elyvilon
Fedhas
Gozag
Hepliaklqana
Kikubaaqudgha
Makhleb
Okawaru
Qazlal
Sif Muna
Trog
Uskayaw
Vehumet
Wu Jian
Yredelemnul
Zin

Shops:
D:1 [   D:4 ?


Innate Abilities, Weirdness & Mutations

You are too large for most types of armour.
You have tough skin. (AC +1)
You have a pair of small horns on your head.
You are clumsy. (Dex -2)


Message History

A gnoll comes into view. It is wielding a +0 whip.
An ice beast comes into view.
The gnoll sergeant hits you from afar with a +1 spear of distortion!
Space warps horribly around you!!
You see here a +2 whip of draining.
The gnoll hits you with a +0 whip.
The gnoll sergeant hits you with a +1 spear of distortion.
Space warps around you.
You are too injured to fight recklessly!
The gnoll shouts!
You hit the gnoll sergeant.
The gnoll sergeant is lightly wounded.
You barely miss the gnoll. The gnoll hits you with a +0 whip.
The gnoll sergeant hits you with a +1 spear of distortion.
* * * LOW HITPOINT WARNING * * *
Space warps around you.
* * * LOW HITPOINT WARNING * * *
An iguana comes into view.
You hit the gnoll sergeant.
The gnoll sergeant is lightly wounded.
You barely miss the gnoll. The gnoll completely misses you.
The gnoll sergeant barely misses you. The gnoll sergeant blocks your attack.
You headbutt the gnoll sergeant.
The gnoll sergeant is lightly wounded.
You slash the gnoll! You hit the gnoll. The gnoll barely misses you.
The gnoll closely misses you.
The gnoll sergeant hits you with a +1 spear of distortion.
* * * LOW HITPOINT WARNING * * *
Space warps horribly around you!
* * * LOW HITPOINT WARNING * * *
You feel better. The gnoll hits you with a +0 whip.
* * * LOW HITPOINT WARNING * * *
The gnoll closely misses you.
The gnoll sergeant hits you with a +1 spear of distortion.
* * * LOW HITPOINT WARNING * * *
Space warps around you.
* * * LOW HITPOINT WARNING * * *
You feel very mighty all of a sudden. The gnoll misses you.
The gnoll hits you with a +0 whip!
You die... .........#.. #.......... ......... ....... ..... #lY.# #ggg#

#@# #)#
#.# ##.#
##.#.# #
##.###..
#.#####.##
#.#
#..<...##
#.#
#######.#
##


You could see an ice beast, a gnoll sergeant, an iguana and 2 gnolls.

Vanquished Creatures
  An ice beast (D:4)
  A boggart (D:4)
  Blork the orc (D:4)
  Robin (D:4)
  7 gnolls
  6 adders
  An ufetubus (D:4)
  2 worms
  8 dart slugs
  4 orcs
  5 endoplasms
  7 giant cockroaches
  22 goblins
  11 hobgoblins
  4 jackals (D:1)
  8 kobolds
  2 quokkas
  7 ball pythons
  6 bats
  3 frilled lizards
  8 rats
115 creatures vanquished.

Vanquished Creatures (others)
  5 fungi (D:3)
  3 plants (D:3)
8 creatures vanquished.

Grand Total: 123 creatures vanquished

Notes
Turn   | Place    | Note
-------+----------+-------------------------------------------
     0 | D:1      | javelincjr the Ogre Gladiator began the quest for the Orb.
     0 | D:1      | Reached XP level 1. HP: 22/22 MP: 1/1
    32 | D:1      | Reached XP level 2. HP: 19/29 MP: 2/2
   338 | D:1      | Reached XP level 3. HP: 32/36 MP: 3/3
   340 | D:1      | Found Labrih's Antique Armour Emporium.
   838 | D:2      | Learned a level 1 spell: Beastly Appendage
  1449 | D:2      | Reached XP level 4. HP: 45/45 MP: 4/4
  1466 | D:2      | Reached skill level 4 in Axes
  1636 | D:2      | Identified the +5 ring mail "Naadeep" {rN+ rCorr Str+8
                  | Dex-5}
  2042 | D:3      | Found a basalt altar of Yredelemnul.
  2095 | D:3      | Reached XP level 5. HP: 53/53 MP: 5/5
  2480 | D:3      | Found an opulent altar of Gozag.
  2994 | D:3      | Found a faded altar of an unknown god.
  3052 | D:4      | Reached skill level 5 in Axes
  3231 | D:4      | Noticed Robin
  3252 | D:4      | Killed Robin
  3455 | D:4      | Found Fabaj's Magic Scroll Boutique.
  3459 | D:4      | Bought a scroll of blinking for 75 gold pieces
  3459 | D:4      | Bought a scroll of identify for 20 gold pieces
  3466 | D:4      | Noticed Blork the orc
  3474 | D:4      | Killed Blork the orc
  3475 | D:4      | Reached XP level 6. HP: 36/62 MP: 6/6
  3655 | D:4      | Noticed an ice beast
  3663 | D:4      | Killed an ice beast
  3988 | D:4      | Noticed Eustachio
  3989 | D:4      | Noticed Eustachio
  3989 | D:4      | Eustachio changed into Eustachio the boggart
  3996 | D:4      | Killed Eustachio the boggart
  3997 | D:4      | Reached skill level 6 in Axes
  3997 | D:4      | Reached XP level 7. HP: 70/71 MP: 7/7
  4206 | D:4      | Found a staircase to the Ecumenical Temple.
  4244 | Temple   | Entered the Ecumenical Temple
  4325 | Temple   | Became a worshipper of Hepliaklqana the Forgotten
  4336 | Temple   | Gained mutation: You are clumsy. (Dex -2) [potion of
                  | mutation]
  4336 | Temple   | Gained mutation: You have a pair of small horns on your
                  | head. [potion of mutation]
  4430 | D:4      | Found a white marble altar of Elyvilon.
  4839 | D:5      | Entered Level 5 of the Dungeon
  4858 | D:5      | Slain by a gnoll

Illustrated notes

Levels and vault maps discovered:
D:1:      nzn_arrival_settlement, layout_basic, serial_shops, shop,
          minmay_pentomino_x2
D:2:      minmay_angry_zag, layout_basic, hex_intersection,
          corexii_item_surrounded_by_moat
D:3:      layout_loops_corners, nicolae_overflow_crystal_walls,
          yredelemnul_altar_generic, shapermc_ecumenical_altar_hornbeckon,
          serial_bayou_pond_e, minmay_between
D:4:      kennysheep_slugbush, layout_loops_corners,
          mainiacjoe_overflow_brackets, minmay_temple_entry_mini_moons,
          serial_shops, shop, uniq_eustachio, uniq_robin, uniq_blork_the_orc
D:5:      layout_loops_ring, slow_altar_1, minivault_14, chequers_garden,
          serial_bayou_ford_a
Temple:   nicolae_temple_great_sept

Skill      XL: |  1  2  3  4  5  6 |
---------------+-------------------+-----
Dodging        | 3 |  3.7
Fighting       | 3 4 |  4.7
Axes           | 4 5 6 |  6.3
Throwing       | |  2.6
Stealth        | |  0.8
Spellcasting   | |  0.2

Action                   |  1- 3 |  4- 6 |  7- 9 || total
-------------------------+-------+-------+-------++-------
Melee: War axe           |    64 |   129 |    11 ||   204
       Headbutt          |       |       |     3 ||     3
Throw: Stone             |    27 |    13 |       ||    40
       Throwing net      |     1 |       |       ||     1
       Large rock        |       |     3 |       ||     3
 Cast: Beastly Appendage |       |     1 |       ||     1
Evoke: Wand              |       |     1 |       ||     1
  Use: Scroll            |       |     3 |     2 ||     5
       Potion            |       |     2 |     3 ||     5
Armor: Robe              |    19 |    32 |       ||    51
Dodge: Dodged            |    36 |    65 |    13 ||   114
